 Dungeon Crawl Stone Soup version 0.29.1-2-gbd0b4ee654 (webtiles) character file.

Game seed: 2715117837720049483

2 hawla the Chiller (level 1, -7/14 HPs)
             Began as a Meteoran Ice Elementalist on Dec 1, 2022.
             Mangled by a bullfrog (8 damage)
             ... on level 3 of the Dungeon.
             The game lasted 00:00:47 (82 turns).

hawla the Chiller (Meteoran Ice Elementalist)         Turns: 82, Time: 00:00:48

Health: -7/14      AC:  2    Str:  9    XL:     1   Next: 57%
Magic:  3/5        EV: 12    Int: 16    God:
Gold:   33         SH:  0    Dex: 14    Spells: 4/5 levels left

rFire   . . .      SeeInvis .   (no weapon)
rCold   . . .      Faith    .   (no shield)
rNeg    . . .      Spirit   .   a - +0 robe
rPois   .          Reflect  .   (no helmet)
rElec   .          Harm     .   (no cloak)
rCorr   .          Rampage  .   (no gloves)
Will    .....                   (no boots)
Stlth   +.........              (no amulet)
HPRegen 0.04/turn               (no ring)
MPRegen 0.09/turn               (no ring)

@: about to teleport, glowing
A: sense surroundings 1, otherworldly, glowing, explore regen
a: no special abilities


You were on level 3 of the Dungeon.
You visited 1 branch of the dungeon, and saw 3 of its levels.

You collected 33 gold pieces.

Inventory:

Armour
 a - a +0 robe (worn)
Scrolls
 c - a scroll of immolation {unknown}
 e - a scroll of teleportation
 f - a scroll of identify {unknown}
Potions
 b - a potion of magic
 d - a potion of attraction {unknown}


   Skills:
 + Level 2.4 Dodging
 - Level 1.4 Stealth
 + Level 2.8 Spellcasting
 + Level 4.4 Ice Magic


You had 4 spell levels left.
You knew the following spells:

 Your Spells              Type           Power      Damage    Failure   Level
a - Freeze                Ice            64%        1d8       3%          1

Your spell library contained the following spells:

 Spells                   Type           Power      Damage    Failure   Level
 Frozen Ramparts          Ice            32%        1d5       9%          3
 Ozocubu's Armour         Ice            16%        N/A       9%          3
 Hailstorm                Conj/Ice       9%         3d4       58%         4


Dungeon Overview and Level Annotations

Branches:
Dungeon (3/15) Zot: 1717

Altars:


Innate Abilities, Weirdness & Mutations

You passively map a small area around you.
You are easily found by Zot.
You glow in the dark.
You regain HP and MP as you explore.


Message History

You kill the endoplasm!
You now have 33 gold pieces (gained 7).
There is a stone staircase leading down here.
e - 2 scrolls labelled NIUZIE ROPP (gained 1)
There is a stone staircase leading down here.
You climb downwards.
HP restored.
Found a stone staircase leading up.
There is a stone staircase leading up here.
Found a stone staircase leading down.
f - a scroll labelled ZOOCLE RYTOBBI A bullfrog comes into view.
A bat comes into view.
The bullfrog barely misses you.
The bat moves out of view.
You see here 4 gold pieces.
Casting: Freeze (safe; 3% risk of failure)
Confirm with . or Enter, or press ? or * to list all spells.
Aiming: Freeze (safe; 3% risk of failure)
Press: ? - help, Shift-Dir - straight line, f - bullfrog
Aim: a bullfrog You freeze the bullfrog.
The bullfrog is lightly wounded.
The bullfrog hits you!
Ouch! That really hurt!
Casting: Freeze (safe; 3% risk of failure)
Confirm with . or Enter, or press ? or * to list all spells.
Aiming: Freeze (safe; 3% risk of failure)
Press: ? - help, Shift-Dir - straight line, f/p - bullfrog
Aim: a bullfrog (lightly wounded)
You freeze the bullfrog.
The bullfrog is heavily wounded.
The bat hits you. The bullfrog completely misses you.
The bat hits you but does no damage. The bullfrog hits you.
* * * LOW HITPOINT WARNING * * *
As you read the scroll labelled NIUZIE ROPP, it crumbles to dust.
You feel strangely unstable.
It was a scroll of teleportation.
The bat hits you.
* * * LOW HITPOINT WARNING * * *
The bullfrog hits you!
Ouch! That really hurt!
You die...

* ## * * * #.#* *
, , #..### ,
#.#.#. *.#
#....####.###
#............
####......b.....
#.......@F##.##*
#.............#
#......<...###.#*,
* *
####...###.....
#...# *..... #...#
#...# ##.##, .....
, * ##...# ,,.....
#.#<#..>... ,


You could see a bullfrog and a bat.

Vanquished Creatures
  An endoplasm (D:2)
  A quokka (D:2)
2 creatures vanquished.

Notes
Turn   | Place    | Note
-------+----------+-------------------------------------------
     0 | D:1      | hawla the Meteoran Ice Elementalist began the quest for the
                  | Orb.
     0 | D:1      | Reached XP level 1. HP: 14/14 MP: 5/5
    77 | D:3      | Noticed a bullfrog
    82 | D:3      | Mangled by a bullfrog

Illustrated notes

Levels and vault maps discovered:
D:1:      saegor_arrival_simple_d, layout_basic
D:2:      layout_basic, chequers_ecumenical_altar_grove, uniq_sigmund
D:3:      layout_loops_ring, mrwooster_statue_mirror

Action                   || total
-------------------------++-------
 Cast: Freeze            ||     6
  Use: Scroll            ||     1
Armor: Robe              ||     1
Dodge: Dodged            ||     3
